 Dungeon Crawl Stone Soup version 0.22.1-6-g1668fe2c40 (webtiles) character file.

93 Kohma the Stinger (level 4, -1/21 HPs)
             Began as a Spriggan Venom Mage on Jan 21, 2019.
             Slain by an orc
             ... wielding a +0 falchion
              (3 damage)
             ... on level 3 of the Dungeon.
             The game lasted 00:07:50 (2355 turns).

Kohma the Stinger (Spriggan Venom Mage)             Turns: 2355, Time: 00:07:50

Health: -1/21      AC:  2    Str:  4    XL:     4   Next: 36%
Magic:  4/10       EV: 18    Int: 16    God:
Gold:   193        SH:  0    Dex: 17    Spells: 4/10 levels left

rFire    . . .     SeeInvis +   f - +1 dagger (elec)
rCold    . . .     Gourm    .   (shield restricted)
rNeg     . . .     Faith    .   a - +0 robe
rPois    .         Spirit   .   (helmet restricted)
rElec    .         Reflect  .   (no cloak)
rCorr    .         Harm     .   (gloves unavailable)
MR       .....                  (boots unavailable)
Stlth    ++........             (no amulet)
HPRegen  0.07/turn              (no ring)
MPRegen  0.12/turn              (no ring)

@: very slightly contaminated, very quick
A: very small, unfitting armour, see invisible, herbivore, speed 3, slow
metabolism 2
a: no special abilities


You were on level 3 of the Dungeon.
You were not hungry.

You visited 1 branch of the dungeon, and saw 3 of its levels.

You collected 193 gold pieces.

Inventory:

Hand Weapons
 f - a +1 dagger of electrocution (weapon)
 n - a +1 dagger of venom
Missiles
 d - 160 stones (quivered)
Armour
 a - a +0 robe (worn)
Jewellery
 e - a cursed ring of teleportation {unknown}
 q - an uncursed ring of stealth {unknown}
Scrolls
 b - a scroll of random uselessness {unknown}
 i - 5 scrolls of remove curse {unknown}
 k - a scroll of teleportation {unknown}
 l - 2 scrolls of identify {unknown}
 s - 2 scrolls of fog {unknown}
Potions
 g - a potion of haste {unknown}
 h - a potion of degeneration {unknown}
 j - a potion of invisibility {unknown}
 m - 2 potions of flight {unknown}
 o - a potion of ambrosia {unknown}
 p - a potion of agility {unknown}
 r - 2 potions of heal wounds {unknown}
Comestibles
 c - 8 rations


   Skills:
 - Level 1.0 Short Blades
 + Level 3.3 Dodging
 - Level 3.0 Stealth
 * Level 3.6 Spellcasting
 + Level 0.9 Conjurations
 + Level 0.6 Air Magic
 * Level 4.2 Poison Magic


You had 4 spell levels left.
You knew the following spells:

 Your Spells              Type           Power        Failure   Level  Hunger
a - Sting                 Conj/Pois      ##..         6%          1    None
b - Poisonous Vapours     Pois/Air       ##....       10%         2    ##.....
c - Mephitic Cloud        Conj/Pois/Air  #.......     24%         3    ###....

Your spell library contained the following spells:

 Spells                   Type           Power        Failure   Level  Hunger
 Olgreb's Toxic Radiance  Pois           ###.....     30%         4    ####...
 Venom Bolt               Conj/Pois      ##........   86%         5    ######.


Dungeon Overview and Level Annotations

Branches:
Dungeon (3/15)

Altars:
Makhleb
Nemelex Xobeh


Innate Abilities, Weirdness & Mutations

You are very small and have problems with some larger weapons.
You are too small for most types of armour.
You have supernaturally acute eyesight. (SInv)
You are a herbivore.
You cover ground extremely quickly.
You need to consume almost no food.


Message History

Confirm with . or Enter, or press ? or * to list all spells.
Aiming: Poisonous Vapours (safe; 10% risk of failure)
Press: ? - help, Dir - move target cursor, f/p - orc wizard
Aim: an orc wizard, wielding a dagger and wearing a robe (heavily wounded, You miscast Poisonous Vapours.
You are very lightly contaminated with residual magic.
Your vision is briefly tinged with green.
The orc hits you with a falchion.
* * * LOW HITPOINT WARNING * * *
The orc wizard hits you but does no damage.
You closely miss the orc wizard.
The orc wizard is heavily wounded.
The orc closely misses you. The orc wizard misses you.
You closely miss the orc wizard.
The orc wizard is heavily wounded.
An orc comes into view.
The orc wizard hits you with a dagger.
* * * LOW HITPOINT WARNING * * *
The orc hits you with a falchion.
You die...

#o #.# # .. #.# # .#
#.# # .# #.# # ##o#
#.# # ##.#.## #.# #
#.###o## #.#######
##.#...# #.#......
##oo@.# #.#.#####
####...#######.#.#
#.........##...#†#####
#.........##.........#
#.........##.###.###.#
###.......#.#.##.# #.#
#........###.#.# #.#
#.......## ##..###.#
#.####.## ##.....#


You could see an orc wizard and 2 orcs.

Vanquished Creatures
  An orc priest (D:3)
  An adder (D:3)
  2 oozes (D:2)
  3 worms (D:2)
  A dart slug (D:1)
  A leopard gecko (D:1)
  An orc (D:3)
  A giant cockroach (D:2)
  7 goblins
  2 hobgoblins (D:1)
  3 kobolds
  2 quokkas
  A ball python (D:1)
  5 bats
  3 frilled lizards (D:1)
  A rat (D:2)
35 creatures vanquished.

Notes
Turn   | Place    | Note
-------+----------+-------------------------------------------
     0 | D:1      | Kohma the Spriggan Venom Mage began the quest for the Orb.
     0 | D:1      | Reached XP level 1. HP: 9/9 MP: 5/5
   369 | D:1      | Reached XP level 2. HP: 4/13 MP: 1/6
   373 | D:1      | Learned a level 2 spell: Poisonous Vapours
  1322 | D:2      | Reached XP level 3. HP: 12/16 MP: 5/8
  1623 | D:2      | Learned a level 3 spell: Mephitic Cloud
  1679 | D:2      | Reached skill level 4 in Poison Magic
  1761 | D:2      | Found a burning altar of Makhleb.
  1866 | D:2      | Found a sparkling altar of Nemelex Xobeh.
  1872 | D:2      | Reached skill level 1 in Short Blades
  2349 | D:3      | Reached XP level 4. HP: 9/21 MP: 7/10
  2355 | D:3      | Slain by an orc

Skill      XL: |  1  2  3 |
---------------+----------+-----
Spellcasting   | 3 |  3.6
Poison Magic   | 4 |  4.2
Short Blades   | 1 |  1.0
Dodging        | |  3.3
Stealth        | |  3.0
Conjurations   | |  0.9
Air Magic      | |  0.6

Action                   |  1- 3 |  4- 6 || total
-------------------------+-------+-------++-------
Melee: Dagger            |    36 |     2 ||    38
       Short sword       |     1 |       ||     1
 Cast: Sting             |    13 |       ||    13
       Poisonous Vapours |    26 |     1 ||    27
 Stab: Sleeping          |     5 |       ||     5
Armor: Robe              |     5 |       ||     5
Dodge: Dodged            |    22 |     3 ||    25
